 Dungeon Crawl Stone Soup version 0.30-a0-141-g30f27751c5 (webtiles) character file.

Game seed: 8455083675924055415

1022 qw the Chopper (level 8, -8/49 HPs)
             Began as a Gargoyle Fighter on Sept 25, 2022.
             Was an Initiate of Okawaru.
             Mangled by a komodo dragon (13 damage)
             ... on level 6 of the Dungeon.
             The game lasted 00:01:53 (5487 turns).

qw the Chopper (Gargoyle Fighter)                   Turns: 5487, Time: 00:01:54

Health: -8/49      AC: 17    Str: 21    XL:     8   Next: 22%
Magic:  8/8        EV:  9    Int: 10    God:    Okawaru [......]
Gold:   140        SH:  4    Dex:  9    Spells: 7/7 levels left

rFire   . . .      SeeInvis .    Y - +0 war axe
rCold   . . .      Faith    .    c - +0 buckler
rNeg    + . .      Spirit   .    b - +0 scale mail
rPois   inf        Reflect  .    e - +0 helmet
rElec   +          Harm     .    k - +0 cloak
rCorr   .          Rampage  .    j - +0 pair of gloves
Will    .....                    f - +0 pair of boots
Stlth   ..........               (no amulet)
HPRegen 0.16/turn                (no ring)
MPRegen 0.11/turn                (no ring)

@: no status effects
A: sickness immunity, AC +5, negative energy resistance 1, electricity
resistance, torment resistance 1, petrification resistance
a: Renounce Religion


You were on level 6 of the Dungeon.
You worshipped Okawaru.
Okawaru was noncommittal.
You visited 2 branches of the dungeon, and saw 7 of its levels.

You collected 318 gold pieces.
You spent 178 gold pieces at shops.


Innate Abilities, Weirdness & Mutations

You are immune to sickness and miasma.
Your stone body is resilient. (AC +5)
You are immune to poison.
You resist negative energy. (rN+)
You are resistant to electric shocks. (rElec)
You are resistant to unholy torment.
You are immune to petrification.


   Skills:
 - Level 5.1 Fighting
 + Level 7.9 Axes
 - Level 3.2 Armour
 - Level 1.0 Dodging
 - Level 3.2 Shields


You had 7 spell levels left.
You didn't know any spells.
Your spell library was empty.

Inventory:

Hand Weapons
 i - a +2 hand axe of flaming
 Y - a +0 war axe (weapon)
Armour
 b - a +0 scale mail (worn)
 c - a +0 buckler (worn)
 e - a +0 helmet (worn)
 f - a +0 pair of boots (worn)
 j - a +0 pair of gloves (worn)
 k - a +0 cloak (worn)
Jewellery
 o - a ring of fire
Scrolls
 l - a scroll of poison {unknown}
 m - a scroll of identify
 n - 3 scrolls of torment {unknown}
Potions
 a - a potion of curing
 d - a potion of might
 g - a potion of magic
 h - a potion of mutation {unknown}
 q - a potion of flight {unknown}

Dungeon Overview and Level Annotations

Branches:
Dungeon (6/15)             Temple (1/1) D:5

Altars:
Ashenzari
Cheibriados
Dithmenos
Elyvilon
Fedhas
Gozag
Kikubaaqudgha
Makhleb
Nemelex Xobeh
Okawaru
Sif Muna
Uskayaw
Vehumet
Wu Jian
Xom
Zin
The Shining One

Shops:
D:3 =   D:5 :   D:6 *


Message History

A komodo dragon comes into view.
Enter note: You barely miss the komodo dragon.
The komodo dragon bites you!!
You barely miss the komodo dragon. You block the komodo dragon's attack.
You closely miss the komodo dragon.
The komodo dragon hisses menacingly.
The komodo dragon bites you but does no damage. x2
You slash the komodo dragon!
The komodo dragon is lightly wounded.
The komodo dragon barely misses you.
You closely miss the komodo dragon.
The komodo dragon is lightly wounded.
The komodo dragon bites you.
You barely miss the komodo dragon.
The komodo dragon is lightly wounded.
The komodo dragon bites you!
You hit the komodo dragon.
The komodo dragon is moderately wounded.
The komodo dragon bites you but does no damage.
You slash the komodo dragon!
The komodo dragon is severely wounded.
The komodo dragon bites you!!
5483 ||| DRINKING potion of heal wounds.
You feel much better. The komodo dragon bites you!
You barely miss the komodo dragon.
The komodo dragon is severely wounded.
The komodo dragon barely misses you.
You hit the komodo dragon.
The komodo dragon is severely wounded.
The komodo dragon bites you but does no damage.
You hit the komodo dragon but do no damage.
The komodo dragon is severely wounded.
The komodo dragon bites you! The komodo dragon barely misses you.
You hit the komodo dragon.
The komodo dragon is severely wounded.
The komodo dragon bites you!
You die...

###### .....#####...
####%##..# ...
####..#..# ..
...##....# ..
.#.###..######.#####
...................
####......######l#
.........>......@#
...........#######
...........#
...........#
...........#
.....###.###
.....+...#
..(..##### .....#


You could see a komodo dragon.

Vanquished Creatures
  Sigmund (D:3)
  Eustachio (D:4)
  A water moccasin (D:5)
  A bullfrog (D:4)
  2 scorpions
  A necrophage (D:4)
  2 hounds
  An orc priest (D:6)
  3 iguanas
  7 gnolls
  5 adders
  2 shadow imps (D:6)
  A white imp (D:6)
  3 worms
  2 dart slugs
  4 orcs
  4 ball pythons
  4 bats
  8 endoplasms
  4 giant cockroaches
  5 goblins
  3 hobgoblins
  2 jackals (D:4)
  4 quokkas
  12 frilled lizards
  8 kobolds
91 creatures vanquished.

Vanquished Creatures (others)
  2 orcs (D:6)
2 creatures vanquished.

Grand Total: 93 creatures vanquished

Notes
Turn   | Place    | Note
-------+----------+-------------------------------------------
     0 | D:1      | qw the Gargoyle Fighter began the quest for the Orb.
     0 | D:1      | Reached XP level 1. HP: 14/14 MP: 1/1
     0 | D:1      | 0 ||| qw: Version: 0.2-a-10-g399e6c4
     0 | D:1      | 0 ||| qw: Game counter: 361
     0 | D:1      | 0 ||| qw: Always use a shield: true
     0 | D:1      | 0 ||| qw: God list: Okawaru
     0 | D:1      | 0 ||| qw: Allow faded altars: false
     0 | D:1      | 0 ||| qw: Do Orc after D:15 true
     0 | D:1      | 0 ||| qw: Do second Lair branch before Depths: true
     0 | D:1      | 0 ||| qw: Lair rune preference: random
     0 | D:1      | 0 ||| qw: Plans: Normal, Zot:1-4, God:TSO, Crypt, Tomb,
                  | Pan, Slime:5, Hells, Abyss, Orb
     0 | D:1      | 0 ||| PLANNING D:1-11
    59 | D:1      | 59 ||| Stepping ~*~*~tactically~*~*~ (stealth).
    66 | D:1      | Reached skill level 2 in Axes
   339 | D:1      | Reached XP level 2. HP: 19/19 MP: 2/2
   407 | D:1      | 407 ||| Stepping ~*~*~tactically~*~*~ (stealth).
   869 | D:1      | 869 ||| DROPPING +0 club.
   934 | D:1      | Reached skill level 3 in Axes
  1036 | D:1      | 1036 ||| READING scroll labelled YXTOOD JE ZOEL.
  1037 | D:1      | 1037 ||| READING scroll labelled YDETAY EQ DOUC.
  1063 | D:2      | Found a faded altar of an unknown god.
  1063 | D:2      | Found a glowing golden altar of the Shining One.
  1085 | D:2      | 1085 ||| Stepping ~*~*~tactically~*~*~ (stealth).
  1092 | D:2      | Reached XP level 3. HP: 23/23 MP: 3/3
  1287 | D:2      | 1287 ||| Stepping ~*~*~tactically~*~*~ (stealth).
  1290 | D:2      | 1290 ||| Stepping ~*~*~tactically~*~*~ (stealth).
  1685 | D:2      | 1685 ||| UPGRADING to +0 helmet.
  1690 | D:2      | 1690 ||| READING scroll labelled TUNGOA MAGI.
  1691 | D:2      | 1691 ||| READING scroll labelled FUXUTOA BIDWA.
  1692 | D:2      | 1692 ||| DRINKING 2 dark potions.
  1726 | D:3      | 1726 ||| STAIRDANCE
  1780 | D:3      | Found Pojoode's Jewellery Boutique.
  1785 | D:3      | 1785 ||| SHOPLISTING +4 ring of evasion (360 gold, have
                  | 122).
  1785 | D:3      | 1785 ||| SHOPLISTING +6 ring of strength (360 gold, have
                  | 122).
  1785 | D:3      | 1785 ||| SHOPLISTING amulet of Virtue {RegenMP Rampage
                  | rCorr Int-3 Dex+6} (489 gold, have 122).
  1785 | D:3      | 1785 ||| SHOPLISTING amulet of the acrobat (300 gold, have
                  | 122).
  1785 | D:3      | 1785 ||| SHOPLISTING ring of fire (250 gold, have 122).
  1785 | D:3      | 1785 ||| SHOPLISTING ring of protection from cold (250
                  | gold, have 122).
  1795 | D:3      | Noticed Sigmund
  1800 | D:3      | Killed Sigmund
  1801 | D:3      | Reached skill level 5 in Axes
  1801 | D:3      | Reached XP level 4. HP: 20/28 MP: 4/4
  1801 | D:3      | Reached XP level 5. HP: 23/32 MP: 5/5
  2061 | D:3      | 2061 ||| Stepping ~*~*~tactically~*~*~ (hiding).
  2072 | D:3      | Reached XP level 6. HP: 38/38 MP: 6/6
  2107 | D:3      | 2107 ||| Stepping ~*~*~tactically~*~*~ (stealth).
  2134 | D:3      | 2134 ||| Stepping ~*~*~tactically~*~*~ (stealth).
  2619 | D:3      | 2619 ||| UPGRADING to +0 pair of boots.
  2624 | D:3      | 2624 ||| READING scroll labelled EZILOCEIDE.
  2708 | D:4      | Reached skill level 1 in Dodging
  2934 | D:4      | Noticed Eustachio
  2963 | D:4      | 2963 ||| FLEEEEING.
  2964 | D:4      | 2964 ||| FLEEEEING.
  2965 | D:4      | 2965 ||| FLEEEEING.
  2980 | D:4      | 2980 ||| FLEEEEING.
  2981 | D:4      | 2981 ||| FLEEEEING.
  3000 | D:4      | HP: 7/38 [Eustachio/+0 rapier (5)]
  3001 | D:4      | 3001 ||| DRINKING potion of heal wounds.
  3013 | D:4      | HP: 9/38 [quokka[Eustachio] (3)]
  3020 | D:4      | HP: 8/38 [Eustachio/+0 rapier (2)]
  3023 | D:4      | Killed Eustachio
  3024 | D:4      | Reached skill level 6 in Axes
  3024 | D:4      | Reached XP level 7. HP: 6/43 MP: 7/7
  3533 | D:4      | Found a glowing silver altar of Zin.
  3823 | D:4      | 3823 ||| UPGRADING to +0 pair of gloves.
  3828 | D:4      | 3828 ||| UPGRADING to +0 cloak.
  3833 | D:4      | 3833 ||| DRINKING 2 smoky white potions.
  3834 | D:4      | 3834 ||| DRINKING 2 glowing cyan potions.
  3835 | D:4      | 3835 ||| DROPPING potion of magic.
  3840 | D:5      | Entered Level 5 of the Dungeon
  3872 | D:5      | Found Falu's Book Shop.
  3885 | D:5      | Reached skill level 7 in Axes
  4274 | D:5      | Reached XP level 8. HP: 45/49 MP: 8/8
  4578 | D:5      | Found a staircase to the Ecumenical Temple.
  4579 | D:5      | 4579 ||| PLANNING TEMPLE
  4579 | D:5      | 4579 ||| DROPPING +2 hat.
  4580 | D:5      | 4580 ||| READING scroll labelled ENTEEL DAONA.
  4581 | D:5      | 4581 ||| READING scroll labelled VAULUFY ENAY.
  4590 | Temple   | Entered the Ecumenical Temple
  4656 | Temple   | 4656 ||| PLANNING OKAWARU WORSHIP
  4773 | Temple   | Became a worshipper of Warmaster Okawaru
  4774 | Temple   | 4774 ||| PLANNING D:1-11
  5015 | D:5      | 5015 ||| DROPPING amulet of faith.
  5031 | D:6      | 5031 ||| STAIRDANCE
  5037 | D:6      | 5037 ||| STAIRDANCE
  5369 | D:6      | Found Rusenki's Assorted Antiques.
  5372 | D:6      | 5372 ||| BUYING 3 scrolls labelled KODEDI ROANE (60 gold).
  5372 | D:6      | Bought 3 scrolls labelled KODEDI ROANE for 60 gold pieces
  5372 | D:6      | 5372 ||| BUYING potion of heal wounds (100 gold).
  5372 | D:6      | Bought a potion of heal wounds for 100 gold pieces
  5372 | D:6      | 5372 ||| BUYING puce potion (18 gold).
  5372 | D:6      | Bought a puce potion for 18 gold pieces
  5372 | D:6      | 5372 ||| SHOPLISTING runed war axe (130 gold, have 127).
  5469 | D:6      | Noticed a komodo dragon
  5482 | D:6      | HP: 2/49 [komodo dragon (18)]
  5483 | D:6      | 5483 ||| DRINKING potion of heal wounds.
  5487 | D:6      | Mangled by a komodo dragon

Levels and vault maps discovered:
D:1:      dpeg_arrival_three_same_balls, layout_loops_ring
D:2:      layout_loops_ring, basic_altar, ebering_ecumenical_altar_mist,
          minmay_lizard_pond
D:3:      layout_loops_ring, serial_shops, shop, uniq_sigmund
D:4:      layout_basic, mainiacjoe_overflow_brackets, uniq_eustachio
D:5:      layout_gridville, temple_hall, serial_shops, nicolae_lakefront_shop,
          minmay_misc_feat_diagonals
D:6:      minmay_opposing_rooms, layout_basic, serial_shops,
          nicolae_shop_behind_doors
Temple:   eino_temple_scatter_basement

Skill      XL: |  1  2  3  4  5  6  7 |
---------------+----------------------+-----
Axes           | 2 3 5 6 7 |  7.9
Fighting       | 4 5 |  5.1
Dodging        | 1 |  1.0
Armour         | |  3.2
Shields        | |  3.2

Action                   |  1- 3 |  4- 6 |  7- 9 || total
-------------------------+-------+-------+-------++-------
Melee: War axe           |   123 |   138 |   159 ||   420
  Use: Scroll            |     4 |     1 |     2 ||     7
       Potion            |     1 |     1 |     3 ||     5
Armor: Scale mail        |    57 |   106 |    89 ||   252
Dodge: Dodged            |    45 |    64 |    54 ||   163
Block: Buckler           |    26 |    37 |    21 ||    84

Table legend:
 A = Non-vault XP
 B = Vault XP
 C = Vault XP percentage of total XP
 D = Non-vault monster count
 E = Vault monster count
 F = Vault count percentage of total count
                 A         B        C        D         E       F
            +---------+---------+-------+---------+---------+-------
      Total |    1043 |     418 |  28.6 |      83 |       9 |   9.8
            +---------+---------+-------+---------+---------+-------
        D:1 |      31 |       0 |   0.0 |      19 |       0 |   0.0
        D:2 |      15 |       7 |  31.8 |       9 |       7 |  43.8
        D:3 |      87 |     214 |  71.1 |      17 |       1 |   5.6
        D:4 |     330 |     197 |  37.4 |      16 |       1 |   5.9
        D:5 |     382 |       0 |   0.0 |      10 |       0 |   0.0
        D:6 |     198 |       0 |   0.0 |      12 |       0 |   0.0
            +---------+---------+-------+---------+---------+-------
